[Event "Titled Tuesday Blitz May 9 Early 2023"]
[White "Frolyanov, Dmitry"]
[Black "Demchenko, Anton"]
[WhiteFideId "4151976"]
[BlackFideId "4160258"]
[WhiteElo "2395"]
[BlackElo "2545"]
[Result "0-1"]
[Round "06"]
[TimeControl "180+2"]
[Date "2023.05.09"]
[WhiteClock "0:00:00"]
[BlackClock "0:00:04"]

1. d4 Nf6 2. c4 d6 3. Nc3 e5 4. e3 Nbd7 5. Bd3 g6 6. Nge2 Bg7 7. O-O O-O 8. b3 b6 9. Bb2 Bb7 10. f3 Re8 11. Kh1 exd4 12. exd4 d5 13. Nf4 c6 14. cxd5 cxd5 15. b4 a6 16. Qb3 Nf8 17. a4 Qd6 18. Nce2 Bc8 19. b5 axb5 20. Bxb5 Bd7 21. Ba3 Qb8 22. Nxd5 Nxd5 23. Qxd5 Bxb5 24. Qxb5 Ne6 25. Rad1 Ra5 26. Qb3 Nf4 27. Nxf4 Qxf4 28. d5 Qxa4 29. Qxa4 Rxa4 30. Bd6 Rc4 31. Bg3 h5 32. d6 h4 33. d7 Rd8 34. Rfe1 Bf6 35. Re8+ Kg7 36. Be5 Rxd7 37. Bxf6+ Kxf6 38. Rb1 Rd6 39. Rb8 Rc2 40. g3 Rdd2 41. R8xb6+ Kg7 42. gxh4 Rxh2+ 43. Kg1 Rcg2+ 44. Kf1 Rc2 45. Kg1 Rxh4 46. R6b2 Rc3 47. Rf2 Rf4 48. Kg2 Rc5 49. Re1 Rg5+ 50. Kf1 Rgf5 51. Re3 g5 52. Ke2 Kg6 53. Rg2 Ra4 54. Rg3 Ra2+ 55. Kf1 Rb5 56. Re2 Rb4 57. Kf2 Ra3 58. Re3 Rb2+ 59. Re2 Rb4 60. Re3 Ra1 61. Re2 f6 62. Kg2 Raa4 63. Kf2 Rf4 64. Rg2 Rab4 65. Rg3 Rb3 66. Re3 Rb1 67. Re2 Rh1 68. Re3 Rh7 69. Rg2 Rd7 70. Rg3 Rd2+ 71. Re2 Rd5 72. Re3 Rdf5 73. Ke2 Kf7 74. Kf2 Rb4 75. Re2 Rc5 76. Kg2 Rc1 77. Kf2 Rbb1 78. Rg2 Rf1+ 79. Kg3 Rb4 80. Ref2 Rh1 81. Rh2 Re1 82. Re2 Rd1 83. Rd2 Rg1+ 84. Rhg2 Rgb1 85. Rge2 R1b3 86. Rf2 Rf4 87. Kg2 Kg6 88. Rde2 Rc4 89. Rd2 Rcc3 90. Rde2 Kf5 91. Rd2 Kf4 92. Rd4+ Ke5 93. Rdd2 f5 94. Rde2+ Kf4 95. Ra2 Rc4 96. Rad2 Rbc3 97. Ra2 Re3 98. Rab2 Rd3 99. Ra2 Rd5 100. Rac2 Rcd4 101. Rce2 Rd3 0-1


[Site "https://www.chess.com"]

[Event "Titled Tuesday Blitz May 9 Early 2023"]
[White "Bacrot, Etienne"]
[Black "MKlose11"]
[WhiteFideId "605506"]
[WhiteElo "2672"]
[BlackElo "2570"]
[Result "0-1"]
[Round "06"]
[TimeControl "180+2"]
[Date "2023.05.09"]
[WhiteClock "0:00:11"]
[BlackClock "0:00:03"]

1. e4 e6 2. d4 d5 3. Nd2 Be7 4. Ngf3 Nf6 5. e5 Nfd7 6. Bd3 c5 7. c3 Nc6 8. O-O a5 9. Re1 cxd4 10. cxd4 Qb6 11. Qa4 Qb4 12. Bb5 Qxa4 13. Bxa4 Nb6 14. Bd1 Bd7 15. a3 a4 16. Nb1 f6 17. exf6 Bxf6 18. Be3 Nc4 19. Re2 N6a5 20. Nc3 Nxe3 21. fxe3 Nc4 22. Rb1 O-O 23. Bc2 Rfc8 24. e4 Nxa3 25. Rbe1 Nxc2 26. Rxc2 dxe4 27. Rxe4 a3 28. bxa3 Rxa3 29. Re3 b5 30. Nd1 Rxc2 31. Rxa3 Rc1 32. Rd3 b4 33. Kf2 Ba4 34. Ne3 b3 35. Rd2 Rb1 36. Ne1 Bc6 37. Nd1 Bd5 38. Nf3 Bxf3 39. Kxf3 Kf7 40. g3 Rc1 41. h4 Rc2 42. Rd3 b2 43. Rb3 Bxd4 44. Ke4 Bf6 45. Kd3 Rg2 46. Ke4 h5 47. Kf3 Rg1 48. Ke2 Kg6 49. Rb5 Rg2+ 50. Kf3 Rc2 51. Ne3 Rc1 52. Ng2 b1=Q 53. Nf4+ Kh7 54. Rxh5+ Kg8 55. Rh8+ Kxh8 0-1


[Site "https://www.chess.com"]

[Event "Titled Tuesday Blitz May 9 Early 2023"]
[White "Chigaev, Maksim"]
[Black "Agibileg, Uurtsaikh"]
[WhiteFideId "4108116"]
[BlackFideId "4901606"]
[WhiteElo "2558"]
[BlackElo "2353"]
[Result "1-0"]
[Round "06"]
[TimeControl "180+2"]
[Date "2023.05.09"]
[WhiteClock "0:00:43"]
[BlackClock "0:00:42"]

1. Nf3 Nf6 2. c4 g6 3. Nc3 Bg7 4. e4 d6 5. d4 O-O 6. Be2 c6 7. O-O Nfd7 8. Bg5 Re8 9. Qd2 Qa5 10. a3 e5 11. b4 Qc7 12. d5 a5 13. Rab1 Na6 14. Rfc1 f5 15. c5 dxc5 16. d6 Qb8 17. b5 Nb4 18. Be7 Nb6 19. axb4 axb4 20. Nd1 h6 21. bxc6 bxc6 22. Rxc5 Be6 23. Qxb4 Nd7 24. Qxb8 Rexb8 25. Rxb8+ Rxb8 26. Rc1 fxe4 27. Nd2 Rb2 28. Nxb2 1-0


[Site "https://www.chess.com"]

[Event "Titled Tuesday Blitz May 9 Early 2023"]
[White "Sethuraman, S.P."]
[Black "Mortazavi, Ali"]
[WhiteFideId "5021596"]
[BlackFideId "401323"]
[WhiteElo "2543"]
[BlackElo "2339"]
[Result "0-1"]
[Round "06"]
[TimeControl "180+2"]
[Date "2023.05.09"]
[WhiteClock "0:00:00"]
[BlackClock "0:00:05"]

1. d4 Nf6 2. Nf3 g6 3. c4 Bg7 4. Nc3 O-O 5. e4 d6 6. Be2 Bg4 7. Be3 Nbd7 8. O-O e5 9. d5 a5 10. b3 b6 11. a3 Nh5 12. g3 h6 13. Nd2 Bxe2 14. Qxe2 Qe8 15. Nb5 Rc8 16. f3 f5 17. b4 Qe7 18. bxa5 bxa5 19. Na7 Ra8 20. Nc6 Qf6 21. Bf2 Kh8 22. Rab1 Qg5 23. Kh1 Nc5 24. Rg1 Na4 25. Rb7 Rf7 26. Be3 f4 27. gxf4 Nxf4 28. Rxg5 Nxe2 29. Rxg6 Nac3 30. Rxd6 Nd1 31. Ba7 Rg8 32. Rg6 Bf8 33. Rxg8+ Kxg8 34. Rb1 Nec3 35. Rc1 Bxa3 36. Rc2 Rg7 37. Nxe5 Bd6 38. Ng4 a4 39. e5 Bf8 40. Nf6+ Kh8 41. Nde4 Nxe4 42. Nxe4 a3 43. d6 cxd6 44. exd6 Rxa7 45. Rd2 a2 46. Rxd1 a1=Q 47. Rxa1 Rxa1+ 48. Kg2 Rd1 49. c5 Kg7 50. Kg3 Kf7 51. Kf4 Ke6 52. Ke3 Bg7 53. c6 Be5 54. d7 Bc7 55. Nc5+ Ke7 56. Na6 Bd8 57. c7 Rxd7 58. cxd8=Q+ Rxd8 59. Nc5 Kf6 60. Ne4+ Kf5 61. Ng3+ Kg5 62. Kf2 Rd2+ 63. Kg1 h5 64. Nf1 Ra2 65. Ng3 h4 66. Ne4+ Kf4 67. Nf2 Kxf3 68. Nd1 Ra1 69. h3 Rxd1+ 70. Kh2 Rd2+ 71. Kh1 Re2 0-1


[Site "https://www.chess.com"]

[Event "Titled Tuesday Blitz May 9 Early 2023"]
[White "Skliarov, Viktor"]
[Black "Kaasen, Tor Fredrik"]
[WhiteFideId "14106736"]
[BlackFideId "1516647"]
[WhiteElo "2317"]
[BlackElo "2349"]
[Result "1/2-1/2"]
[Round "06"]
[TimeControl "180+2"]
[Date "2023.05.09"]
[WhiteClock "0:00:04"]
[BlackClock "0:00:39"]

1. e4 c5 2. Nf3 Nc6 3. Bb5 g6 4. O-O Bg7 5. Re1 e5 6. Bxc6 dxc6 7. d3 Qe7 8. Nbd2 Nf6 9. Nc4 Nd7 10. a3 O-O 11. b4 Re8 12. Bd2 f6 13. Qb1 b6 14. a4 cxb4 15. Bxb4 c5 16. Bc3 Rb8 17. Ne3 Bb7 18. a5 Bc6 19. axb6 axb6 20. Ra7 Ra8 21. Qb3+ Qf7 22. Qxf7+ Kxf7 23. Rea1 Ke6 24. Nd5 Kd6 25. Nc7 Rac8 26. Nxe8+ Rxe8 27. Nd2 b5 28. Nb3 b4 29. Bd2 Rb8 30. Be3 Bb5 31. Nxc5 Nxc5 32. Rxg7 b3 33. Bxc5+ Kxc5 34. cxb3 Bxd3 35. Rxh7 Bxe4 36. Rf7 Rb6 37. Rc1+ Kd5 38. Rc3 Ke6 39. Ra7 Rd6 40. f3 Rd1+ 41. Kf2 Bd5 42. Ra6+ Kf5 43. h4 Rd2+ 44. Kf1 e4 45. fxe4+ Bxe4 46. Ra5+ Kf4 47. g3+ Kg4 48. Ke1 Rb2 49. Ra4 f5 50. b4 Bf3 51. b5+ Kxg3 52. Raa3 Re2+ 53. Kf1 Rf2+ 54. Ke1 Re2+ 55. Kf1 Rf2+ 56. Ke1 Re2+ 1/2-1/2


[Site "https://www.chess.com"]

[Event "Titled Tuesday Blitz May 9 Early 2023"]
[White "Manukyan, Sargis V."]
[Black "Klukin, Kirill"]
[WhiteFideId "13303465"]
[BlackFideId "24199273"]
[WhiteElo "2236"]
[BlackElo "2344"]
[Result "0-1"]
[Round "06"]
[TimeControl "180+2"]
[Date "2023.05.09"]
[WhiteClock "0:00:00"]
[BlackClock "0:01:51"]

1. d4 Nf6 2. c4 c5 3. d5 b5 4. cxb5 a6 5. b6 Qxb6 6. Nc3 d6 7. e4 g6 8. Nf3 Bg7 9. Be2 O-O 10. O-O Bg4 11. Rb1 Bxf3 12. Bxf3 a5 13. Be2 Na6 14. Bg5 Rfe8 15. Bb5 Reb8 16. Qe2 Ra7 17. f4 Nc7 18. a4 Nxb5 19. Nxb5 Rab7 20. Rbd1 Qa6 21. e5 Ne8 22. Kh1 Nc7 23. exd6 exd6 24. f5 Nxb5 25. axb5 Qxb5 26. Qf3 Qxb2 27. f6 Bf8 28. h4 h5 29. Rde1 a4 30. Re7 a3 31. Rfe1 a2 0-1


[Site "https://www.chess.com"]

[Event "Titled Tuesday Blitz May 9 Early 2023"]
[White "Cherniaiev, Tykhon"]
[Black "Richter, Paul"]
[WhiteFideId "14182360"]
[BlackFideId "2046350"]
[WhiteElo "2450"]
[BlackElo "2552"]
[Result "1-0"]
[Round "06"]
[TimeControl "180+2"]
[Date "2023.05.09"]
[WhiteClock "0:00:18"]
[BlackClock "0:00:00"]

1. Nf3 Nf6 2. d4 g6 3. c4 Bg7 4. Nc3 O-O 5. e4 d6 6. Be2 Na6 7. O-O e5 8. h3 Re8 9. Bg5 h6 10. Bxf6 Qxf6 11. dxe5 dxe5 12. Qd2 c6 13. Rad1 Be6 14. Qe3 Qe7 15. a3 Qc5 16. Qc1 Rad8 17. Qc2 Qe7 18. b4 Rxd1 19. Rxd1 Rd8 20. Rxd8+ Qxd8 21. c5 Nc7 22. Nd1 a6 23. Ne3 Nb5 24. Bxb5 axb5 25. a4 bxa4 26. Qxa4 Kh7 27. b5 cxb5 28. Qxb5 Qa8 29. Kh2 f5 30. exf5 gxf5 31. Qb6 Qc8 32. Qd6 e4 33. Nd4 Bxd4 34. Qxd4 Qc7+ 35. g3 Kg6 36. Ng2 Bf7 37. Nh4+ Kh7 38. Nxf5 Bg6 39. Nd6 Qe7 40. Qb4 e3 41. fxe3 Qxe3 42. Qxb7+ Kh8 43. Qc8+ Kh7 44. Qd7+ Kh8 45. Qc8+ Kh7 46. Qb7+ Kh8 47. Qb2+ 1-0


[Site "https://www.chess.com"]

[Event "Titled Tuesday Blitz May 9 Early 2023"]
[White "Concio, Michael Jr."]
[Black "Goffredo_Fofi"]
[WhiteFideId "5217873"]
[WhiteElo "2263"]
[BlackElo "2543"]
[Result "1-0"]
[Round "06"]
[TimeControl "180+2"]
[Date "2023.05.09"]
[WhiteClock "0:00:44"]
[BlackClock "0:00:13"]

1. e4 Nf6 2. Nc3 e5 3. Nf3 Nc6 4. Be2 Bb4 5. O-O d6 6. d3 h6 7. h3 Be6 8. a3 Ba5 9. b4 Bb6 10. Be3 Nd4 11. Na4 Nxf3+ 12. Bxf3 Bxe3 13. fxe3 O-O 14. c4 a5 15. Nc3 b6 16. Qe2 Qd7 17. b5 Nh7 18. Rf2 Ng5 19. Raf1 Nxf3+ 20. Qxf3 Rae8 21. Qg3 f5 22. exf5 Rxf5 23. Rxf5 Bxf5 24. Nd5 Rf8 25. e4 Be6 26. Nf6+ Rxf6 27. Rxf6 Qe7 28. Rf2 Kh7 29. Kh2 Qe8 30. Qf3 Qg6 31. h4 Bg4 32. Qf7 Qxf7 33. Rxf7 Be2 34. Rxc7 Bxd3 35. Rc6 Bxe4 36. Rxb6 Bd3 37. Rc6 e4 38. b6 e3 39. Rxd6 e2 40. Re6 1-0


[Site "https://www.chess.com"]

[Event "Titled Tuesday Blitz May 9 Early 2023"]
[White "Starozhilov, Leonid"]
[Black "egorchess95"]
[WhiteFideId "14106752"]
[WhiteElo "2352"]
[BlackElo "2542"]
[Result "1-0"]
[Round "06"]
[TimeControl "180+2"]
[Date "2023.05.09"]
[WhiteClock "0:00:08"]
[BlackClock "0:00:12"]

1. e4 c5 2. Nf3 Nc6 3. Bb5 g6 4. O-O Bg7 5. Nc3 Nf6 6. e5 Ng4 7. Bxc6 dxc6 8. Re1 O-O 9. d3 f6 10. h3 Nxe5 11. Nxe5 fxe5 12. Ne4 b6 13. a4 Bf5 14. b3 Qd7 15. Bb2 Rad8 16. Qe2 Qc8 17. a5 Rd5 18. axb6 axb6 19. Ra7 Rd7 20. Rea1 Rxa7 21. Rxa7 Qe6 22. Rb7 Bxe4 23. dxe4 b5 24. c4 b4 25. Ra7 Qd6 26. Kh2 Bh6 27. g3 Rd8 28. Kg2 Bg7 29. Bc1 Qd3 30. Qg4 Qd6 31. Be3 Rf8 32. Qd7 h6 33. Qxe7 Qxe7 34. Rxe7 Rd8 35. Bxc5 Rd3 36. Re8+ Kf7 37. Re7+ Kg8 38. Rb7 Rxb3 39. Rxb4 Rc3 40. Bd6 Kf7 41. c5 Ke6 42. Rb7 Bf6 43. Rc7 Rc4 44. Rxc6 Rxe4 45. Ra6 Kd5 46. Bf8 Bg5 47. h4 Bd2 48. Rxg6 Rc4 49. Rd6+ Ke4 50. Rxd2 h5 51. Re2+ Kf5 52. Bd6 e4 53. Rd2 Ke6 54. Kf1 Rc3 55. Ke2 Ra3 56. Rc2 Rc3 57. Rxc3 Kd5 58. Re3 Kd4 59. Rxe4+ Kxe4 60. f3+ Kf5 61. g4+ hxg4 62. fxg4+ Kxg4 63. c6 Kxh4 64. c7 Kh3 65. c8=Q+ Kg2 66. Qg8+ Kh1 67. Qh7+ Kg2 68. Qh2# 1-0


[Site "https://www.chess.com"]

[Event "Titled Tuesday Blitz May 9 Early 2023"]
[White "Leiva, Gianmarco"]
[Black "Spalir, Jernej"]
[WhiteFideId "3804399"]
[BlackFideId "14606518"]
[WhiteElo "2365"]
[BlackElo "2282"]
[Result "1-0"]
[Round "06"]
[TimeControl "180+2"]
[Date "2023.05.09"]
[WhiteClock "0:00:04"]
[BlackClock "0:00:57"]

1. c4 Nf6 2. g3 e6 3. Bg2 d5 4. Nf3 dxc4 5. Qa4+ Nbd7 6. O-O Bd6 7. Na3 c6 8. Nxc4 Bc7 9. Qa3 Qe7 10. b3 e5 11. Qxe7+ Kxe7 12. Ba3+ Ke8 13. Nd6+ Bxd6 14. Bxd6 e4 15. Ng5 Nb6 16. Nxe4 Nxe4 17. Bxe4 Be6 18. Rfd1 Rd8 19. Bc5 f5 20. Bf3 Kf7 21. d3 Rd7 22. Kf1 Re8 23. h4 g6 24. Rac1 Nc8 25. Be3 Bd5 26. Bxd5+ Rxd5 27. Rc5 Rd7 28. Kg2 a6 29. h5 Ne7 30. Rh1 Kg7 31. hxg6 hxg6 32. Bh6+ Kf6 33. Bc1 Nd5 34. Bb2+ Ke6 35. e4 fxe4 36. dxe4 Kd6 37. Ba3 Rxe4 38. Rc4+ Ke5 39. f4+ Kf5 40. g4+ Kxg4 41. Rxe4 Nxf4+ 42. Rxf4+ Kxf4 43. Bc1+ Ke4 44. Re1+ Kf5 45. Rf1+ Ke4 46. Rf6 Rd1 47. Bg5 Ra1 48. Rf2 a5 49. Bd8 a4 50. bxa4 Kd5 51. a5 Kc4 52. Bb6 Kb5 53. Kg3 c5 54. Kf4 c4 55. Rb2+ Kc6 56. Rc2 Kd5 57. Rd2+ Kc6 58. Ke4 Kb5 59. Rb2+ Ka4 60. Rc2 Kb4 61. Ke5 c3 62. Kd6 Rf1 63. Kc7 Rf7+ 64. Kb8 Kc4 65. Bc7 Kd3 66. Rc1 Kd2 67. Rg1 c2 68. Kxb7 c1=Q 69. Rxc1 Kxc1 70. a6 Rf2 71. a4 Ra2 72. a5 Rxa5 73. Bxa5 g5 74. a7 1-0


[Site "https://www.chess.com"]

[Event "Titled Tuesday Blitz May 9 Early 2023"]
[White "Zaragatski, Ilja"]
[Black "Sammed Jaykumar, Shete"]
[WhiteFideId "4655192"]
[BlackFideId "5073421"]
[WhiteElo "2460"]
[BlackElo "2278"]
[Result "0-1"]
[Round "06"]
[TimeControl "180+2"]
[Date "2023.05.09"]
[WhiteClock "0:00:04"]
[BlackClock "0:00:37"]

1. g3 h5 2. Nf3 c5 3. c4 Nc6 4. Nc3 e5 5. Bg2 Be7 6. h4 Nf6 7. d3 d6 8. Bg5 Be6 9. Bxf6 Bxf6 10. Qd2 Nd4 11. Nxd4 cxd4 12. Nd5 Rb8 13. Bf3 Be7 14. e3 dxe3 15. Qxe3 b5 16. Qxa7 Bxd5 17. Bxd5 bxc4 18. Qa4+ Kf8 19. Qxc4 Rxb2 20. O-O g5 21. Bxf7 gxh4 22. Rab1 Rxb1 23. Rxb1 Rh6 24. Rc1 hxg3 25. fxg3 Qb6+ 26. Kg2 Rf6 27. Bd5 Qf2+ 28. Kh3 Rg6 29. Qc8+ Kg7 30. Qg8+ Kh6 31. Qh8+ Kg5 32. Be4 Bf6 33. Qe8 Rg7 34. Rc8 h4 35. gxh4+ Kf4 36. Qh5 Qg3# 0-1


[Site "https://www.chess.com"]

[Event "Titled Tuesday Blitz May 9 Early 2023"]
[White "djokovic74"]
[Black "Baghdasaryan, Vahe"]
[BlackFideId "13303139"]
[WhiteElo "2684"]
[BlackElo "2216"]
[Result "1-0"]
[Round "06"]
[TimeControl "180+2"]
[Date "2023.05.09"]
[WhiteClock "0:00:13"]
[BlackClock "0:00:00"]

1. e4 c5 2. Nf3 Nc6 3. d4 cxd4 4. Nxd4 g6 5. c4 Nf6 6. Nc3 d6 7. Be2 Nxd4 8. Qxd4 Bg7 9. Be3 O-O 10. Qd2 a5 11. O-O a4 12. Bd4 Bd7 13. Rfd1 Bc6 14. Qe3 Qa5 15. Nd5 Bxd5 16. exd5 Rfe8 17. Bb6 Qb4 18. a3 Qxb2 19. Rab1 Qe5 20. Qxe5 dxe5 21. c5 Ne4 22. Rbc1 Bh6 23. Rc2 Rec8 24. Bb5 Nf6 25. c6 bxc6 26. dxc6 Rcb8 27. c7 Rxb6 28. Rd8+ Kg7 29. Rxa8 Rxb5 30. g3 1-0


[Site "https://www.chess.com"]

[Event "Titled Tuesday Blitz May 9 Early 2023"]
[White "Srihari L R"]
[Black "Horak, Martin"]
[WhiteFideId "46617116"]
[BlackFideId "367095"]
[WhiteElo "2334"]
[BlackElo "2091"]
[Result "0-1"]
[Round "06"]
[TimeControl "180+2"]
[Date "2023.05.09"]
[WhiteClock "0:01:23"]
[BlackClock "0:00:06"]

1. e4 c5 2. Nf3 a6 3. c4 Nc6 4. Nc3 e5 5. d3 g6 6. Be2 Bg7 7. O-O Nge7 8. Nd5 O-O 9. Ne1 d6 10. Nc2 Nxd5 11. cxd5 Nd4 12. Nxd4 cxd4 13. Bd2 Qb6 14. Qb3 Qxb3 15. axb3 Bd7 16. Bb4 Rfc8 17. Bxd6 Rc2 18. Bd1 Rxb2 19. Rc1 Bb5 20. Bf3 Bxd3 21. Rfd1 Rxb3 22. Rc7 a5 23. Rdc1 h5 24. Be7 a4 25. d6 Bb5 26. Rxb7 a3 27. d7 a2 28. Ra7 Rxa7 29. d8=Q+ Kh7 30. h4 Rb1 31. Rxb1 axb1=Q+ 32. Kh2 Qc1 33. Bd6 Qf4+ 34. Kh3 Ra1 0-1


[Site "https://www.chess.com"]

[Event "Titled Tuesday Blitz May 9 Early 2023"]
[White "Rosen, Eric"]
[Black "Shuvalov, Evgenij"]
[WhiteFideId "2032562"]
[BlackFideId "4187237"]
[WhiteElo "2331"]
[BlackElo "2080"]
[Result "1-0"]
[Round "06"]
[TimeControl "180+2"]
[Date "2023.05.09"]
[WhiteClock "0:00:06"]
[BlackClock "0:00:08"]

1. d4 Nf6 2. Bf4 d5 3. e3 e6 4. Nf3 c5 5. Nbd2 Nc6 6. c3 Bd6 7. Bg3 O-O 8. Bb5 Ne7 9. Bd3 b6 10. e4 dxe4 11. Nxe4 Nxe4 12. Bxe4 Nd5 13. dxc5 Bxc5 14. Qc2 f5 15. Bd3 Bb7 16. Be5 Rc8 17. Qe2 Qe7 18. O-O Rfd8 19. Rad1 h6 20. Rfe1 Re8 21. a3 Qf7 22. c4 Nf6 23. b4 Bf8 24. Bb2 Ne4 25. Ne5 Qe7 26. Bxe4 fxe4 27. Rd7 Qg5 28. Rxb7 Re7 29. Qxe4 Rxb7 30. Qxb7 Rd8 31. Qe4 Qd2 32. Ba1 Be7 33. g3 Bf6 34. Qe2 Qxe2 35. Rxe2 Rd1+ 36. Kg2 Rxa1 37. Nc6 Kf7 38. Re3 a6 39. Rd3 Ra2 40. Nb8 a5 41. b5 Be7 42. Nd7 Rxa3 43. Rxa3 Bxa3 44. Nxb6 Bc5 45. Na4 Bd4 46. b6 Ke7 47. c5 Kd7 48. Kf3 Kc6 49. Ke2 e5 50. f3 g6 51. Kd3 h5 52. f4 Bg1 53. fxe5 Bxh2 54. e6 Bxg3 55. e7 Kd7 56. Kc4 Kxe7 57. c6 Kd6 58. Kb5 Bf2 59. Nc3 Bxb6 60. Kxb6 a4 61. Nxa4 Ke7 62. c7 h4 63. Kb7 Ke6 64. c8=Q+ Kf6 65. Qh3 Kg5 66. Nc5 Kh5 67. Ne4 g5 68. Qf5 h3 69. Qxg5# 1-0


[Site "https://www.chess.com"]

[Event "Titled Tuesday Blitz May 9 Early 2023"]
[White "Nguyen Hong Nhung"]
[Black "Matinian, Nikita"]
[WhiteFideId "12412201"]
[BlackFideId "24129100"]
[WhiteElo "1996"]
[BlackElo "2422"]
[Result "0-1"]
[Round "06"]
[TimeControl "180+2"]
[Date "2023.05.09"]
[WhiteClock "0:00:46"]
[BlackClock "0:02:02"]

1. e4 d6 2. d4 g6 3. Nc3 Bg7 4. f4 a6 5. Nf3 Nd7 6. e5 e6 7. Bd3 Ne7 8. Be3 d5 9. Qd2 b6 10. O-O-O c5 11. g4 c4 12. Bf1 b5 13. f5 gxf5 14. gxf5 Nxf5 15. Bh3 b4 16. Nxd5 exd5 17. Bxf5 Qa5 18. e6 fxe6 19. Bxe6 c3 20. Qf2 Qxa2 21. Bf7+ Kf8 22. Nd2 Qxb2# 0-1


[Site "https://www.chess.com"]

[Event "Titled Tuesday Blitz May 9 Early 2023"]
[White "Rodchenkov, Sergey D."]
[Black "Volkov, Maksim"]
[WhiteFideId "4168712"]
[BlackFideId "54123070"]
[WhiteElo "2277"]
[BlackElo "2297"]
[Result "0-1"]
[Round "06"]
[TimeControl "180+2"]
[Date "2023.05.09"]
[WhiteClock "0:00:01"]
[BlackClock "0:01:13"]

1. e4 c5 2. Nf3 d6 3. d4 cxd4 4. Nxd4 Nf6 5. Nc3 a6 6. Bg5 e6 7. f4 Be7 8. Qf3 Qc7 9. O-O-O Nbd7 10. g4 h6 11. Bxf6 Bxf6 12. h4 Nb6 13. g5 Bxd4 14. Rxd4 Qc5 15. Qd3 hxg5 16. b4 Qc7 17. fxg5 Ke7 18. a4 e5 19. Rd5 Be6 20. a5 Nxd5 21. exd5 Bd7 22. Be2 b6 23. Rf1 Rxh4 24. g6 f6 25. Qg3 Rah8 26. Rxf6 Kxf6 27. Qf2+ Rf4 28. Qg2 Qxc3 0-1


[Site "https://www.chess.com"]

[Event "Titled Tuesday Blitz May 9 Early 2023"]
[White "Martinez Ramirez, Lennis"]
[Black "Petrovic, Aleksa"]
[WhiteFideId "3509079"]
[BlackFideId "967629"]
[WhiteElo "2410"]
[BlackElo "2309"]
[Result "1-0"]
[Round "06"]
[TimeControl "180+2"]
[Date "2023.05.09"]
[WhiteClock "0:01:04"]
[BlackClock "0:00:00"]

1. c4 e6 2. g3 Nf6 3. Bg2 c5 4. Nf3 b6 5. d4 Bb7 6. d5 exd5 7. Nh4 g6 8. cxd5 Bg7 9. Nc3 O-O 10. O-O d6 11. Bf4 a6 12. a4 Ra7 13. e4 Re8 14. Re1 h6 15. Nf3 Ba8 16. h4 Rae7 17. Qc2 Kh7 18. Bh3 Bb7 19. Kf1 b5 20. axb5 axb5 21. Nd2 b4 22. Nb5 Ba6 23. Rxa6 Nxa6 24. Nxd6 Nxd5 25. Nxe8 Nxf4 26. gxf4 Rxe8 27. Nf3 Qf6 28. f5 Qxb2 29. Qc4 Qf6 30. e5 Qc6 31. Bg2 Qb6 32. f6 1-0


[Site "https://www.chess.com"]

[Event "Titled Tuesday Blitz May 9 Early 2023"]
[White "Parkhov, Yair"]
[Black "surrenderPLS"]
[WhiteFideId "2813408"]
[WhiteElo "2421"]
[BlackElo "2516"]
[Result "1/2-1/2"]
[Round "06"]
[TimeControl "180+2"]
[Date "2023.05.09"]
[WhiteClock "0:00:13"]
[BlackClock "0:00:09"]

1. d4 Nf6 2. Nc3 d5 3. Bf4 Bf5 4. e3 e6 5. f3 h6 6. g4 Bh7 7. h4 Bd6 8. Nge2 c5 9. Bxd6 Qxd6 10. dxc5 Qxc5 11. Qd4 Qxd4 12. Nxd4 Nc6 13. Bd3 Bxd3 14. cxd3 Nxd4 15. exd4 a6 16. Kd2 b5 17. Ne2 Kd7 18. Nc1 Kd6 19. Nb3 Nd7 20. Na5 Rhc8 21. g5 h5 22. f4 g6 23. Rhc1 Rab8 24. Nb7+ Ke7 25. Nc5 Rc6 26. b4 Kd6 27. Rab1 Rcc8 28. Rb3 Ra8 29. Rbc3 Nxc5 30. dxc5+ Kc6 31. Ra3 a5 32. bxa5 b4 33. Rb3 Rxa5 34. Rxb4 Rxc5 35. Rxc5+ Kxc5 36. Rb7 Kd4 37. a4 Ra8 38. Rb4+ Kc5 39. Kc3 Kc6 40. Kd4 Kd6 41. Rb6+ Kc7 42. Rb4 Kd6 43. Kc3 Ra6 44. Kb3 e5 45. fxe5+ Kxe5 46. Rb7 f6 47. Kb4 fxg5 48. hxg5 Kf5 49. Kb5 Ra8 50. a5 Kxg5 51. a6 h4 52. Rh7 Kg4 53. a7 g5 54. Kb6 Kg3 55. Kb7 Rg8 56. Kc6 d4 57. Rg7 Ra8 58. Rxg5+ Kf4 59. Rg7 Ke3 60. Kb7 Re8 61. Kc6 Ra8 62. Kb7 Rd8 63. Rh7 Kxd3 64. Rxh4 Rd7+ 65. Kb8 Rxa7 66. Kxa7 Kc3 67. Kb6 d3 68. Kc5 d2 69. Rh3+ Kc2 70. Rh2 Kc1 71. Rh1+ d1=Q 72. Rxd1+ Kxd1 1/2-1/2


[Site "https://www.chess.com"]

[Event "Titled Tuesday Blitz May 9 Early 2023"]
[White "Wieczorek, Oskar"]
[Black "Chernomordik, Pavel"]
[WhiteFideId "1133950"]
[BlackFideId "2804530"]
[WhiteElo "2418"]
[BlackElo "2193"]
[Result "1-0"]
[Round "06"]
[TimeControl "180+2"]
[Date "2023.05.09"]
[WhiteClock "0:00:48"]
[BlackClock "0:00:11"]

1. e4 g6 2. d4 Bg7 3. Nf3 d6 4. Bc4 e6 5. Bb3 b6 6. h4 h6 7. Nc3 Bb7 8. Qd3 Ne7 9. Ne2 Nd7 10. Ng3 c5 11. c3 Qc7 12. O-O Rc8 13. Qe2 O-O 14. Be3 Nf6 15. Bf4 c4 16. Bc2 Qc6 17. Rad1 b5 18. Rfe1 a5 19. Qd2 Kh7 20. h5 Qe8 21. Bxd6 Qd7 22. e5 Nfd5 23. Nh4 Nf5 24. Ngxf5 gxf5 25. Bxf8 Rxf8 26. g4 Qd8 27. Ng2 Kh8 28. gxf5 f6 29. fxe6 fxe5 30. Rxe5 Nf6 31. e7 1-0


[Site "https://www.chess.com"]

[Event "Titled Tuesday Blitz May 9 Early 2023"]
[White "Girya, Olga"]
[Black "Jaskolka, Tomasz"]
[WhiteFideId "4195752"]
[BlackFideId "1170791"]
[WhiteElo "2263"]
[BlackElo "2155"]
[Result "0-1"]
[Round "06"]
[TimeControl "180+2"]
[Date "2023.05.09"]
[WhiteClock "0:00:09"]
[BlackClock "0:00:42"]

1. d4 d5 2. c4 e5 3. dxe5 d4 4. Nf3 Nc6 5. a3 a5 6. Nbd2 Nge7 7. Nb3 Nf5 8. g4 a4 9. gxf5 axb3 10. Bg5 Be7 11. Bxe7 Qxe7 12. Nxd4 Nxe5 13. e3 O-O 14. Be2 c5 15. Nf3 Bxf5 16. Nxe5 Qxe5 17. Qxb3 Be4 18. f3 Bc6 19. Kf2 Rfd8 20. Qc3 Qe7 21. h4 Rd6 22. Rag1 f5 23. h5 h6 24. Rg3 f4 25. exf4 Re8 26. Re1 Re6 27. Kf1 Rxe2 28. Rxg7+ Qxg7 29. Qxg7+ Kxg7 30. Rxe2 Rxe2 31. Kxe2 Kf6 32. b4 b6 33. Ke3 Kf5 34. b5 Bb7 35. a4 Ba8 0-1


[Site "https://www.chess.com"]

[Event "Titled Tuesday Blitz May 9 Early 2023"]
[White "Manukyan, Sargis A."]
[Black "Andreev, Konstantin"]
[WhiteFideId "13303970"]
[BlackFideId "24239305"]
[WhiteElo "2187"]
[BlackElo "2106"]
[Result "1-0"]
[Round "06"]
[TimeControl "180+2"]
[Date "2023.05.09"]
[WhiteClock "0:01:39"]
[BlackClock "0:00:08"]

1. d4 Nf6 2. c4 e6 3. Nc3 Bb4 4. a3 Bxc3+ 5. bxc3 O-O 6. e3 c5 7. Bd3 b6 8. Ne2 Ba6 9. O-O Nc6 10. e4 d6 11. f4 h6 12. f5 Qc7 13. Nf4 e5 14. Nd5 Qd8 15. Nxf6+ Qxf6 16. d5 Na5 17. g4 Bxc4 18. Bxc4 Nxc4 19. Qe2 b5 20. Qf2 Rfc8 21. h4 g6 22. Bxh6 Kh7 23. Bg5 Qg7 24. fxg6+ fxg6 25. Bf6 Qf7 26. Ra2 b4 27. axb4 cxb4 28. cxb4 Rc7 29. Qf3 Rac8 30. h5 gxh5 31. Rh2 Nd2 32. Qf5+ Kg8 33. Rxh5 Nf3+ 34. Qxf3 Qg6 35. Rh8+ Kf7 36. Bd8+ 1-0


[Site "https://www.chess.com"]